 Dungeon Crawl Stone Soup version 0.28-a0-863-g8cecda6153 (webtiles) character file.

Game seed: 8074253549753320085

52463 ftrovador the Impaler (level 14, -3/202 HPs)
             Began as a Minotaur Berserker on Nov 17, 2021.
             Was an Elder of Trog.
             Slain by a cyan very ugly thing (23 damage)
             ... on level 15 of the Dungeon on Feb 1, 2022.
             The game lasted 00:37:45 (14556 turns).

ftrovador the Impaler (Minotaur Berserker)         Turns: 14556, Time: 00:37:45

Health: -3/202     AC: 23    Str: 40    XL:     14   Next: 27%
Magic:  15/15      EV: 10    Int: 13    God:    Trog [****..]
Gold:   731        SH:  0    Dex: 14    Spells: 13/13 levels left

rFire   . . .      SeeInvis .   s - +5 trident (vorpal)
rCold   . . .      Faith    .   (no shield)
rNeg    . . .      Spirit   .   X - +0 plate armour
rPois   .          Reflect  .   (helmet unavailable)
rElec   .          Harm     .   P - +1 cloak
rCorr   .          Rampage  .   i - +0 pair of gloves
Will    +++++                   v - +0 pair of boots
Stlth   ..........              r - amulet of the acrobat
HPRegen 2.43/turn               D - ring "Xivos" {Will+ Str+6 Int+6 Dex+4}
MPRegen 0.14/turn               b - ring "Giakeriq" {Will+ Str+7 Int+3}

@: berserking, strong-willed, regenerating, very quick
A: horns 3, retaliatory headbutt, regeneration 1
a: Renounce Religion, Berserk, Trog's Hand, Brothers in Arms


You were on level 15 of the Dungeon.
You worshipped Trog.
Trog was greatly pleased with you.
You visited 2 branches of the dungeon, and saw 16 of its levels.
You also visited: Bailey.

You collected 965 gold pieces.
You spent 234 gold pieces at shops.

Inventory:

Hand Weapons
 l - a +3 antimagic halberd
 s - a +5 vorpal trident (weapon)
 w - a +0 glaive of distortion
 W - a +4 trident of flaming
Missiles
 d - 3 curare-tipped darts
 j - 23 poisoned darts
 x - 8 datura-tipped darts (quivered)
 L - 3 throwing nets
Armour
 i - a +0 pair of gloves (worn)
 v - a +0 pair of boots (worn)
 P - a +1 cloak (worn)
 X - a +0 plate armour (worn)
Jewellery
 a - the amulet of Aqaanwan {Spirit rC++ Will+ Dex+3}
   (You acquired it on level 11 of the Dungeon)

   [amulet of guardian spirit]

   It causes incoming damage to be divided between your reserves of health and
   magic.
   Dex:       It affects your dexterity (+3).
   rC:        It greatly protects you from cold.
   Will:      It increases your willpower.
 b - the ring "Giakeriq" (right hand) {Will+ Str+7 Int+3}
   (You acquired it on level 11 of the Dungeon)

   [ring of willpower]

   Str:       It affects your strength (+7).
   Int:       It affects your intelligence (+3).
   Will:      It increases your willpower.
 r - an amulet of the acrobat (around neck)
 u - a ring of positive energy
 D - the ring "Xivos" (left hand) {Will+ Str+6 Int+6 Dex+4}
   (You bought it in a shop on level 6 of the Dungeon)

   [ring of intelligence]

   Str:       It affects your strength (+6).
   Int:       It affects your intelligence (+6).
   Dex:       It affects your dexterity (+4).
   Will:      It increases your willpower.
 G - a +6 ring of dexterity
 N - a +4 ring of evasion
Wands
 k - a wand of iceblast (18)
 o - a wand of polymorph (3)
 t - a wand of digging (12)
 J - a wand of paralysis (18)
 K - a wand of mindburst (7)
Scrolls
 e - 4 scrolls of teleportation
 h - 5 scrolls of noise
 n - 2 scrolls of magic mapping
 q - a scroll of immolation
 y - a scroll of enchant armour {unknown}
 B - 3 scrolls of identify
 C - a scroll of fog {unknown}
 E - a scroll of enchant weapon
 F - a scroll of brand weapon
 H - a scroll of fear {unknown}
 T - a scroll of blinking {unknown}
 V - 2 scrolls of holy word {unknown}
Potions
 c - 2 potions of cancellation
 f - 5 potions of heal wounds
 g - 6 potions of curing
 m - 3 potions of magic
 p - a potion of might {unknown}
 z - 2 potions of degeneration
 A - a potion of flight {unknown}
 I - 4 potions of lignification
 M - 4 potions of attraction
 O - 6 potions of mutation
 Y - 2 potions of invisibility
Miscellaneous
 Z - a tin of tremorstones (2/2)


   Skills:
 + Level 15.0 Fighting
 - Level 7.0(13.2) Axes
 * Level 17.3(17.8) Polearms
 + Level 6.4 Throwing
 + Level 15.3 Armour
 - Level 2.7 Dodging
 + Level 3.2 Invocations
 + Level 2.7 Evocations


You had 13 spell levels left.
You didn't know any spells.
Your spell library was empty.

Dungeon Overview and Level Annotations

Branches:
Dungeon (15/15)            Temple (0/1) D:5            Lair (0/6) D:9
    Orc (0/2) D:10         Vaults (0/5) D:14         Depths (1/4) D:15
 Bailey (visited)

Altars:
Cheibriados
Elyvilon
Gozag
Hepliaklqana
Okawaru
Zin
The Shining One
Beogh

Shops:
D:4 *   D:5 ==(   D:6 **


Innate Abilities, Weirdness & Mutations

You have a pair of large horns on your head.
You reflexively headbutt those who attack you in melee.
Your natural rate of healing is unusually fast.


Message History

Trog accepts your kill.
You can't go up here!
You climb downwards.
Welcome back to the Depths!
The cyan ugly thing kicks you but does no damage.
The cyan very ugly thing pecks you! The cyan very ugly thing shocks you!!
The cyan ugly thing closely misses you. You furiously retaliate!
You headbutt the cyan ugly thing!!
There is a staircase back to the Dungeon, spattered with blood here.
The cyan ugly thing basks in the mutagenic energy from its kin and changes!
The purple very ugly thing tentacle-slaps you!
The cyan very ugly thing pecks you! The cyan very ugly thing shocks you!!
The cyan ugly thing completely misses you.
You climb upwards.
Welcome back to the Dungeon!
There is a staircase to the Depths here.
Your skin crawls.
You feel strong-willed.
The cyan very ugly thing barely misses you.
You furiously retaliate!
You headbutt the cyan very ugly thing!!
The purple very ugly thing completely misses you.
The cyan ugly thing closely misses you.
Your two-headed ogre goes berserk!
Trog will no longer gift you weapons. The cyan very ugly thing pecks you!
The cyan very ugly thing shocks you!!
* * * LOW HITPOINT WARNING * * *
The purple very ugly thing tentacle-slaps you!
* * * LOW HITPOINT WARNING * * *
The cyan ugly thing kicks you but does no damage.
You swap places.
The cyan very ugly thing closely misses you.
The purple very ugly thing tentacle-slaps your two-headed ogre!
Your two-headed ogre closely misses the purple very ugly thing.
Your two-headed ogre hits the purple very ugly thing with a +0 giant club!!
The cyan ugly thing kicks your two-headed ogre!
The cyan ugly thing shocks your two-headed ogre!
A red film seems to cover your vision as you go berserk!
You feel yourself moving faster!
You feel mighty! The cyan very ugly thing pecks you.
* * * LOW HITPOINT WARNING * * *
The cyan very ugly thing shocks you!!
You die...

.....####..########).####..####..
.................................
.................................
.#####..#######..#######.........
.# #..# ############........ .#
#..# #........≈≈#........ .# #..#
#'###≈≈≈#.≈#........ .#
#..######...#......#........ .#
#.......#uO@'..≈##.'........
.#####.......#uu.#..(...#........
........######'###≈≈≈#.≈#........
........# #........≈≈#........
.#####..# ############........ .#
#..# #.................. .# #..#
#.................. .# #..#
#..#######......... .#
#..#######..# #.........


You could see 2 very ugly things, a cyan ugly thing and a friendly two-headed
ogre (summoned, berserk).

Vanquished Creatures
  Frances (D:13)
  An orc warlord (Bailey)
  A stone giant (D:15)
  A very ugly thing (D:15)
  Nessos (D:13)
  Snorg (D:11)
  2 boulder beetles
  Harold (D:7)
  An ogre mage (D:14)
  3 centaur warriors
  A two-headed ogre (D:9)
  4 tengu warriors
  4 skeletal warriors (D:14)
  Pikel (D:7)
  2 orc knights
  2 deep elf pyromancers
  6 cyclopes
  8 ugly things
  A guardian serpent (shapeshifter) (D:13)
  Joseph (D:7)
  Psyche (D:8)
  3 gargoyles
  An unseen horror (D:12)
  4 centaur skeletons (D:14)
  A komodo dragon (D:11)
  A freezing wraith (D:14)
  2 kobold demonologists
  4 yaktaurs (D:14)
  An efreet (D:14)
  3 tengu conjurers
  6 trolls
  A raiju (shapeshifter) (D:13)
  3 slime creatures (D:13)
  A shadow (D:11)
  2 wyverns
  4 yaks
  A vampire (D:14)
  A basilisk (D:14)
  A golden eye (shapeshifter) (D:15)
  5 vampire mosquitoes (D:12)
  3 steam dragons
  Grum (D:9)
  Edmund (D:5)
  An acid dragon (D:11)
  2 water moccasins
  Duvessa (D:7)
  3 sky beasts
  3 ice beasts
  7 orc warriors
  8 wolves (D:9)
  3 necrophages
  5 ogres
  8 centaurs
  Blork the orc (D:6)
  2 kobold brigands (D:9)
  A scorpion (D:6)
  2 bullfrogs (D:9)
  A wyvern zombie (D:5)
  A gnoll sergeant (D:9)
  A wyvern skeleton (D:7)
  2 water moccasin skeletons
  Dowan (D:7)
  11 wights
  9 killer bees
  3 electric eels
  6 howler monkeys
  3 centaur zombies
  A gnoll shaman (D:6)
  A bullfrog zombie (D:7)
  3 jellies
  5 orc priests
  7 hounds
  Natasha (thrice) (D:2)
  2 iguanas
  9 orc wizards
  A killer bee zombie (D:6)
  Robin (D:2)
  16 gnolls
  2 howler monkey skeletons
  6 adders
  A shadow imp (D:5)
  A white imp (D:7)
  3 worms
  2 dart slugs (D:5)
  25 orcs
  6 ball pythons
  4 endoplasms
  A giant cockroach (D:2)
  17 goblins
  8 hobgoblins
  6 quokkas
  5 bats
  3 frilled lizards
  29 kobolds
  6 rats
353 creatures vanquished.

Vanquished Creatures (collateral kills)
  A centaur warrior (D:14)
  A skeletal warrior (D:14)
  2 cyclopes (D:14)
  5 ugly things (D:14)
  5 centaurs (D:14)
  An orc wizard (D:14)
  3 orcs (D:14)
18 creatures vanquished.

Vanquished Creatures (others)
  10 fungi (D:4)
  15 plants
25 creatures vanquished.

Grand Total: 396 creatures vanquished

Notes
Turn   | Place    | Note
-------+----------+-------------------------------------------
     0 | D:1      | ftrovador the Minotaur Berserker began the quest for the
                  | Orb.
     0 | D:1      | Reached XP level 1. HP: 19/19 MP: 0/0
    32 | D:1      | Reached XP level 2. HP: 10/27 MP: 1/1
   938 | D:2      | Reached XP level 3. HP: 30/33 MP: 2/2
  1003 | D:2      | Noticed Robin
  1014 | D:2      | Killed Robin
  1116 | D:2      | Reached ** piety under Trog
  1144 | D:2      | Reached XP level 4. HP: 40/41 MP: 3/3
  1372 | D:2      | Noticed Natasha
  1379 | D:2      | Killed Natasha
  1380 | D:2      | Reached skill level 5 in Axes
  1536 | D:2      | Noticed Natasha
  1542 | D:2      | Killed Natasha
  1543 | D:2      | Reached skill level 5 in Fighting
  1705 | D:2      | Noticed Natasha
  1721 | D:2      | Killed Natasha
  1722 | D:2      | Reached XP level 5. HP: 32/48 MP: 4/4
  2745 | D:4      | Found Joitored's General Store.
  2766 | D:4      | Found a glowing silver altar of Zin.
  2799 | D:4      | Bought a potion of mutation for 96 gold pieces
  2799 | D:4      | Gained mutation: You have a pair of large horns on your
                  | head. [potion of mutation]
  2799 | D:4      | Gained mutation: Your natural rate of healing is unusually
                  | fast. [potion of mutation]
  2899 | D:4      | Reached XP level 6. HP: 53/56 MP: 5/5
  2994 | D:4      | Reached *** piety under Trog
  2999 | D:4      | Reached skill level 1 in Polearms
  3088 | D:4      | Reached XP level 7. HP: 63/63 MP: 6/6
  3355 | D:5      | Entered Level 5 of the Dungeon
  3358 | D:5      | Noticed Edmund
  3363 | D:5      | Reached skill level 2 in Polearms
  3370 | D:5      | Killed Edmund
  3371 | D:5      | Reached skill level 3 in Polearms
  3462 | D:5      | Reached skill level 4 in Polearms
  3462 | D:5      | Reached skill level 5 in Armour
  3520 | D:5      | Reached skill level 5 in Polearms
  3556 | D:5      | Found Jiratypp's Antique Weapon Shop.
  3621 | D:5      | Found a staircase to the Ecumenical Temple.
  3677 | D:5      | Reached XP level 8. HP: 71/71 MP: 7/7
  3678 | D:5      | Found Qicut's Jewellery Boutique.
  3804 | D:5      | Found a glowing golden altar of the Shining One.
  3977 | D:5      | Found Evikluwk's Jewellery Emporium.
  4062 | D:5      | Found a hazy altar of Hepliaklqana.
  4214 | D:6      | Reached skill level 6 in Polearms
  4249 | D:6      | Found Gauth's Overcharged Wands.
  4357 | D:6      | Found Enot's Assorted Antiques.
  4365 | D:6      | Bought a scroll labelled ATOZADODEPHOI for 23 gold pieces
  4365 | D:6      | Bought a coiled steel ring for 115 gold pieces
  4365 | D:6      | Identified the ring "Xivos" {Will+ Str+6 Int+6 Dex+4} (You
                  | bought it in a shop on level 6 of the Dungeon)
  4413 | D:6      | Noticed Blork the orc
  4420 | D:6      | Killed Blork the orc
  4421 | D:6      | Reached skill level 7 in Polearms
  4896 | D:7      | Reached skill level 1 in Throwing
  4900 | D:7      | Reached skill level 8 in Polearms
  4903 | D:7      | Reached **** piety under Trog
  4946 | D:7      | Reached XP level 9. HP: 75/79 MP: 8/8
  5005 | D:7      | Reached skill level 9 in Polearms
  5009 | D:7      | Noticed a troll
  5011 | D:7      | Killed a troll
  5061 | D:7      | Noticed Duvessa
  5061 | D:7      | Noticed Dowan
  5065 | D:7      | Killed Duvessa
  5071 | D:7      | Killed Dowan
  5099 | D:7      | Noticed Pikel
  5107 | D:7      | Killed Pikel
  5108 | D:7      | Reached skill level 10 in Polearms
  5292 | D:7      | Noticed Joseph
  5311 | D:7      | Killed Joseph
  5312 | D:7      | Reached skill level 11 in Polearms
  5312 | D:7      | Reached XP level 10. HP: 74/90 MP: 9/9
  5469 | D:7      | Noticed Harold
  5480 | D:7      | Killed Harold
  5660 | D:7      | Noticed a gargoyle
  5663 | D:7      | Killed a gargoyle
  5902 | D:8      | Noticed Psyche
  5904 | D:8      | Found an iron altar of Okawaru.
  5920 | D:8      | Killed Psyche
  5921 | D:8      | Reached skill level 12 in Polearms
  6047 | D:8      | Found a snail-covered altar of Cheibriados.
  6196 | D:8      | Found an opulent altar of Gozag.
  6286 | D:8      | Found a flagged portal.
  6310 | Bailey   | Entered a bailey
  6317 | Bailey   | Noticed an orc warlord
  6896 | Bailey   | Found a runed translucent gate.
  6912 | Bailey   | Found a runed translucent gate.
  6928 | Bailey   | Found a runed translucent gate.
  6933 | Bailey   | Noticed an orc knight
  6955 | Bailey   | Killed an orc knight
  6994 | Bailey   | Reached ***** piety under Trog
  7040 | Bailey   | Killed an orc warlord
  7041 | Bailey   | Reached skill level 10 in Fighting
  7041 | Bailey   | Reached XP level 11. HP: 99/99 MP: 10/10
  7061 | Bailey   | Identified the +3 pair of gloves of the Jabberwock {Int+4
                  | Slay-6 SInv}
  7863 | D:9      | Noticed Grum
  7877 | D:9      | Killed Grum
  7878 | D:9      | Reached skill level 10 in Armour
  7915 | D:9      | Reached skill level 13 in Polearms
  7929 | D:9      | Found a staircase to the Lair.
  8053 | D:9      | Found a white marble altar of Elyvilon.
  8093 | D:9      | Reached skill level 5 in Throwing
  8234 | D:9      | Noticed a two-headed ogre
  8243 | D:9      | Killed a two-headed ogre
  9019 | D:10     | Entered Level 10 of the Dungeon
  9219 | D:10     | Identified the +8 tower shield of Impatience {Int+2}
  9311 | D:10     | Found a staircase to the Orcish Mines.
  9770 | D:11     | Reached skill level 14 in Polearms
  9770 | D:11     | Reached XP level 12. HP: 110/110 MP: 10/13
  9781 | D:11     | Acquired the ring "Giakeriq" {Will+ Str+7 Int+3}
  9782 | D:11     | Acquired the amulet of Aqaanwan {Spirit rC++ Will+ Dex+3}
  9798 | D:11     | Noticed Snorg
  9817 | D:11     | Killed Snorg
 10358 | D:12     | Received a gift from Trog
 10712 | D:12     | Reached skill level 15 in Polearms
 11099 | D:13     | Reached XP level 13. HP: 118/118 MP: 14/14
 11109 | D:13     | Noticed Frances
 11127 | D:13     | Killed Frances
 11398 | D:13     | Noticed Nessos
 11409 | D:13     | Killed Nessos
 12134 | D:14     | Found a gate to the Vaults.
 12496 | D:14     | Reached skill level 16 in Polearms
 12661 | D:14     | Received a gift from Trog
 13121 | D:14     | Reached XP level 14. HP: 99/133 MP: 15/15
 13276 | D:14     | Reached skill level 15 in Armour
 13451 | D:15     | Entered Level 15 of the Dungeon
 13518 | D:15     | Reached skill level 17 in Polearms
 14020 | D:15     | Noticed a stone giant
 14033 | D:15     | Killed a stone giant
 14316 | D:15     | Found a staircase to the Depths.
 14509 | Depths:1 | Entered Level 1 of the Depths
 14536 | Depths:1 | Reached skill level 15 in Fighting
 14536 | Depths:1 | Noticed a cyan very ugly thing
 14536 | Depths:1 | Noticed a cyan very ugly thing
 14536 | Depths:1 | Noticed a cyan very ugly thing
 14548 | D:15     | Killed a purple very ugly thing
 14556 | D:15     | Slain by a cyan very ugly thing

Illustrated notes

Levels and vault maps discovered:
D:1:      lightli_iron_boxes, layout_basic
D:2:      layout_rooms, kennysheep_boxes, uniq_robin, uniq_natasha
D:3:      layout_basic, nicolae_wormholes
D:4:      layout_gridville, mainiacjoe_overflow_chevrons, serial_shops,
          nicolae_shop_waterfront
D:5:      layout_gridville, mainiacjoe_overflow_surrounded_room,
          tso_oasis_becter, minmay_temple_entry_nine_rooms, serial_shops,
          nicolae_shop_advertising_works [nicolae_subvault_shop_adworks], shop,
          kennysheep_mini, serial_bayou_lagoon_a, uniq_edmund
D:6:      layout_rooms, serial_shops, nicolae_shop_statue_plus, serial_bayou,
          serial_bayou_pond_a, serial_bayou_ford_a, serial_bayou_pond_c,
          serial_bayou_shore_b, solitary_fountain, st_stairs_9,
          minmay_misc_feat_x, nicolae_shop_overcharged_wands, uniq_blork_the_orc
D:7:      minmay_s_stair_smasher, layout_gridville, uniq_harold, uniq_joseph,
          uniq_pikel, uniq_duvessa
D:8:      layout_basic, mainiacjoe_overflow_alcove_4, okawaru_trees_1,
          enter_bailey_2, minmay_ruined_shrine, uniq_psyche
D:9:      layout_layer_cave, elyvilon_altar_4, erik_lair_island,
          grunt_ministairs_10, nicolae_sextant, minmay_misc_feat_diagonals,
          small_statue_intersection, uniq_grum
D:10:     layout_loops_ring, minmay_orc_entry_temple_small
D:11:     layout_cross, evilmike_minifort, uniq_snorg
D:12:     layout_cave_pods
D:13:     layout_cave_pools, uniq_nessos, uniq_frances
D:14:     layout_basic, hangedman_vaults_entry_quadrant_bands,
          dk_noncrumbling_4, serial_park_tiny_2
D:15:     grunt_enter_depths_snipers, layout_small_grid, minivault_24
Depths:1: cross_vault, layout_cave_pools, hellmouth_1,
          nicolae_abyss_entry_one_way_or_another, rand_demon_pan_entry_9,
          minmay_misc_feat_enclosed, kennysheep_generic_room_15,
          serial_bayou_shore_b

Skill      XL: |  1  2  3  4  5  6  7  8  9 10 11 12 13 14 |
---------------+-------------------------------------------+-----
Axes           | 4 5 6 7 |  7.0
Fighting       | 4 5 6 7 8 10 11 12 14 15 | 15.0
Armour         | 3 4 5 6 7 9 11 12 14 15 | 15.3
Polearms       | 1 5 8 11 12 14 15 16 17 | 17.3
Throwing       | 2 3 4 6 |  6.4
Invocations    | 3 |  3.2
Evocations     | 2 |  2.7
Dodging        | |  2.7

Action                   |  1- 3 |  4- 6 |  7- 9 | 10-12 | 13-15 || total
-------------------------+-------+-------+-------+-------+-------++-------
Melee: Hand axe          |    49 |   102 |       |       |       ||   151
       Headbutt          |     7 |    16 |    42 |    79 |    71 ||   215
       Trident           |       |    24 |   229 |   346 |   303 ||   902
Throw: Dart              |       |       |    23 |    17 |    10 ||    50
       Boomerang         |       |       |       |     5 |       ||     5
Invok: Berserk           |     1 |     1 |       |     4 |     7 ||    13
       Trog's Hand       |       |     1 |       |     1 |     4 ||     6
       Brothers in Arms  |       |       |       |       |     4 ||     4
  Use: Potion            |       |     1 |       |     1 |     2 ||     4
       Scroll            |       |       |       |    19 |     4 ||    23
 Stab: Distracted        |       |       |       |       |     1 ||     1
Armor: Animal skin       |     9 |     4 |       |       |       ||    13
       Ring mail         |       |    25 |    13 |       |       ||    38
       Chain mail        |       |       |    45 |    72 |       ||   117
       Plate armour      |       |       |       |    23 |    92 ||   115
Dodge: Dodged            |    37 |    94 |    88 |   127 |   105 ||   451

Table legend: (Time is in decaauts)
 A = Elapsed time spent in this place.
 B = Non-inter-level travel time spent in this place.
 C = Inter-level travel time spent in this place.
 D = Time resting spent in this place.
 E = Time spent auto-exploring this place.
 F = Levels seen in this place.
 G = Mean time per level.
                   A        B        C        D        E       F      G
               +--------+--------+--------+--------+--------+-----+--------+
         Total |  14412 |  13916 |    496 |   1841 |   8925 |  17 |  847.8 |
       Dungeon |  13612 |  13116 |    496 |   1435 |   8871 |  15 |  907.5 |
        Depths |     34 |     34 |      0 |      0 |      0 |   1 |   34.0 |
        Bailey |    765 |    765 |      0 |    405 |     54 |   1 |  765.0 |
               +--------+--------+--------+--------+--------+-----+--------+

Top non-repeatable levels by time:
    D:14: 1777 daAuts
     D:2: 1290 daAuts
     D:9: 1181 daAuts
     D:8: 1152 daAuts
     D:7: 994 daAuts
     D:1: 944 daAuts
    D:12: 930 daAuts
     D:5: 868 daAuts
    D:13: 777 daAuts
    D:15: 768 daAuts
  Bailey: 765 daAuts
    D:10: 658 daAuts
     D:6: 655 daAuts
     D:4: 639 daAuts
     D:3: 513 daAuts
